 Dungeon Crawl Stone Soup version 0.21-a0-476-gd103f4b (webtiles) character file.

159 kae the Insei (level 5, -9/60 HPs)
             Began as a Draconian Transmuter on Nov 22, 2017.
             Killed by divine providence
             ... invoked by an orc priest
              (17 damage)
             ... on level 2 of the Dungeon.
             The game lasted 00:05:05 (3975 turns).

kae the Insei (Draconian Transmuter)                Turns: 3975, Time: 00:05:06

Health: -9/60      AC: 22    Str: 12    XL:     5   Next: 17%
Magic:  5/9        EV:  2    Int: 14    God:
Gold:   144        SH:  0    Dex: 12    Spells: 3/9 levels left

rFire    . . .     SeeInvis .   o - +0 dagger (freeze)
rCold    + . .     Gourm    .   (no shield)
rNeg     + + +     Faith    .   (armour unavailable)
rPois    +         Spirit   .   (helmet currently unavailable)
rElec    .         Reflect  .   (cloak currently unavailable)
rCorr    .         Harm     .   (gloves currently unavailable)
MR       .....     NoTele   +   (boots currently unavailable)
Stlth    +.........             (no amulet)
HPRegen  0.20/turn              q - ring of protection from cold
MPRegen  0.11/turn              (no ring)

@: tree-form, very slightly contaminated
A: unfitting armour, AC +5
a: no special abilities


You were on level 2 of the Dungeon.
You were hungry.
You were a tree.
You visited 1 branch of the dungeon, and saw 3 of its levels.

You collected 144 gold pieces.

Inventory:

Hand Weapons
 e - a +0 club
 o - a +0 dagger of freezing (weapon)
Missiles
 a - 14 arrows
Jewellery
 q - a ring of protection from cold (left branch)
Scrolls
 g - a scroll of teleportation
 j - a scroll of noise {unknown}
 l - a scroll of fear
 n - 2 scrolls of identify
 p - a scroll of amnesia {unknown}
Books
 b - a book of Changes

   Spells                             Type                      Level
   a - Beastly Appendage              Transmutation                1
   b - Sticks to Snakes               Transmutation                2
   c - Spider Form                    Transmutation/Poison         3
   d - Ice Form                       Ice/Transmutation            4
   e - Blade Hands                    Transmutation                5
Comestibles
 c - 2 bread rations
 h - 2 chunks of flesh
 i - 4 fruits
 k - 2 royal jellies
 m - 2 meat rations


   Skills:
 - Level 1.1 Fighting
 - Level 1.7 Dodging
 * Level 4.3 Unarmed Combat
 + Level 2.9 Spellcasting
 * Level 3.6 Transmutations


You had 3 spell levels left.
You knew the following spells:

 Your Spells              Type           Power        Failure   Level  Hunger
a - Beastly Appendage     Tmut           ##....       4%          1    #......
b - Sticks to Snakes      Tmut           ##......     8%          2    ##.....
c - Spider Form           Tmut/Pois      #.........   30%         3    ###....


Dungeon Overview and Level Annotations

Branches:
Dungeon (3/15)

Altars:

Annotations:
D:3 Sigmund


Innate Abilities, Weirdness & Mutations

((Your plain brown scales are hard. (AC +5)))
You cannot fit into any form of body armour.
((You are cold-blooded and may be slowed by cold attacks.))


Message History

The orc priest hits you but does no damage.
You hit the orc priest but do no damage.
The orc priest is moderately wounded.
Your ball python completely misses the orc priest.
Your ball python constricts the orc priest.
The orc hits you but does no damage. x2
Your ball python completely misses the orc priest.
Your ball python constricts the orc priest.
The orc priest hits you but does no damage.
You hit the orc priest but do no damage.
The orc priest is moderately wounded.
The orc hits you but does no damage. x2
Your ball python bites the orc priest but does no damage.
Your ball python constricts the orc priest.
You hit the orc priest. You freeze the orc priest.
The orc priest is heavily wounded.
You are feeling hungry.
The orc priest mumbles some strange prayers to Beogh against you.
Beogh smites you!
You die...

#####...............#
#...................#
#.#####............## #.#
#...........## #
##.######.........#######
#..................##....
####....#.............#..
#....oS...............
#....♣.........#......
#...o#o.........###<..
#..................#.#
#...##...........#.#..
###.###..##...........
#......##..###...###
##..#.####..........
###..#.# #.######..#
##....#.####..#####...


You could see an orc priest, 2 orcs and a friendly ball python.

Vanquished Creatures
  4 gnolls (D:1)
  3 adders
  An ooze (D:1)
  3 worms
  4 dart slugs
  2 leopard geckos
  2 orcs (D:2)
  A ball python (D:3)
  4 giant cockroaches (D:1)
  5 goblins
  7 hobgoblins
  5 jackals
  7 kobolds
  2 quokkas (D:3)
  6 bats
  A frilled lizard (D:1)
  15 rats
72 creatures vanquished.

Vanquished Creatures (collateral kills)
  A bat (D:2)
  A rat (D:2)
2 creatures vanquished.

Grand Total: 74 creatures vanquished

Notes
Turn   | Place    | Note
-------+----------+-------------------------------------------
     0 | D:1      | kae the Draconian Transmuter began the quest for the Orb.
     0 | D:1      | Reached XP level 1. HP: 16/16 MP: 3/3
   330 | D:1      | Reached XP level 2. HP: 23/23 MP: 3/5
  1193 | D:1      | Reached XP level 3. HP: 17/28 MP: 4/6
  2175 | D:1      | Learned a level 2 spell: Sticks to Snakes
  2179 | D:1      | Learned a level 3 spell: Spider Form
  2190 | D:1      | Reached XP level 4. HP: 13/35 MP: 4/7
  2272 | D:2      | Reached skill level 4 in Unarmed Combat
  3222 | D:3      | Noticed Sigmund
  3617 | D:3      | Reached XP level 5. HP: 30/40 MP: 6/9
  3975 | D:2      | Killed from afar by an orc priest

Vault maps used:
D:1:      shiori_arrival_maze, minmay_vboxes
D:3:      grunt_temple_overflow_diamond, chequers_ecumenical_altar_lobes,
          minivault_27, uniq_ijyb, uniq_sigmund, uniq_robin

Skill      XL: |  1  2  3  4 |
---------------+-------------+-----
Transmutations | 3 |  3.6
Unarmed Combat | 4 |  4.3
Fighting       | |  1.1
Dodging        | |  1.7
Spellcasting   | |  2.9

Action                   |  1- 3 |  4- 6 || total
-------------------------+-------+-------++-------
Melee: Unarmed           |    25 |    10 ||    35
       Club              |   113 |       ||   113
       Tailslap          |    20 |    21 ||    41
       Headbutt          |     6 |     1 ||     7
       Punch             |     3 |     2 ||     5
       Kick              |     4 |       ||     4
       Dagger            |    43 |   136 ||   179
 Cast: Beastly Appendage |    15 |     2 ||    17
       Spider Form       |     1 |     2 ||     3
       Sticks to Snakes  |       |    10 ||    10
  Use: Scroll            |     6 |       ||     6
       Potion            |       |     4 ||     4
 Stab: Sleeping          |     1 |     1 ||     2
  Eat: Chunk             |     4 |     7 ||    11
Armor: Skin              |    80 |    68 ||   148
Dodge: Dodged            |   201 |   147 ||   348

Table legend:
 A = Spawn XP
 B = Non-spawn XP
 C = Spawn XP percentage of total XP
 D = Spawn monster count
 E = Non-spawn monster count
 F = Spawn count percentage of total count
 G = Total turns spent on level
                    A         B        C        D         E        F      G
               +---------+---------+-------+---------+---------+-------+---------
         Total |       0 |     228 |   0.0 |       0 |      74 |   0.0 |  3975
               +---------+---------+-------+---------+---------+-------+---------
           D:1 |       0 |     120 |   0.0 |       0 |      38 |   0.0 |  2387
           D:2 |       0 |      65 |   0.0 |       0 |      26 |   0.0 |  1131
           D:3 |       0 |      43 |   0.0 |       0 |      10 |   0.0 |   457
               +---------+---------+-------+---------+---------+-------+---------
